 Dungeon Crawl Stone Soup version 0.26-a0-84-g8c18429211 (webtiles) character file.

Game seed: 2263262389188992662

6565 MalarOregon the Thaumaturge (level 10, -3/89 HPs)
             Began as a Purple Draconian Conjurer on June 20, 2020.
             Was a Follower of Wu Jian.
             Killed by an exploding fulminant prism (14 damage)
             ... created by the player character
             ... on level 10 of the Dungeon on June 21, 2020.
             The game lasted 00:36:31 (15572 turns).

MalarOregon the Thaumaturge (DrCj)                 Turns: 15572, Time: 00:36:31

Health: -3/89      AC: 10    Str: 12    XL:     10   Next: 70%
Magic:  10/22      EV: 29    Int: 20    God:    Wu Jian [*.....]
Gold:   204        SH:  3    Dex: 12    Spells: 9/26 levels left

rFire    . . .     SeeInvis .     - Unarmed
rCold    + . .     Gourm    .   C - +0 buckler
rNeg     . . .     Faith    .   (armour unavailable)
rPois    .         Spirit   .   (helmet restricted)
rElec    .         Reflect  .   (no cloak)
rCorr    .         Harm     .   k - +2 pair of gloves
MR       +++..                  (no boots)
Stlth    ++........             c - amulet of the acrobat
HPRegen  0.24/turn              n - ring of the Mage {Wiz MR++ Int+3}
MPRegen  0.18/turn              o - ring of protection from cold

@: lethally poisoned (-3 -> -3), acrobat
A: breathe power, unfitting armour, cold-blooded, AC +7
a: Breathe Dispelling Energy, Renounce Religion


You were on level 10 of the Dungeon.
You worshipped Wu Jian.
Wu Jian was aware of your devotion.
You were not hungry.

You visited 2 branches of the dungeon, and saw 11 of its levels.

You collected 620 gold pieces.
You spent 416 gold pieces at shops.

Inventory:

Missiles
 p - 2 throwing nets (quivered) {!f}
Armour
 k - a +2 pair of gloves (worn)
   (You found it on level 6 of the Dungeon)
 C - a +0 buckler (worn)
   (You found it on level 9 of the Dungeon)
Jewellery
 c - an amulet of the acrobat (around neck)
   (You found it on level 1 of the Dungeon)
 l - an uncursed ring of protection from magic
   (You found it on level 8 of the Dungeon)
 n - the ring of the Mage (left hand) {Wiz MR++ Int+3}
   (You found it on level 7 of the Dungeon)

   [ring of wizardry]

   It improves your spell success rate.
   It affects your intelligence (+3).
   It affects your resistance to hostile enchantments.
 o - a ring of protection from cold (right hand)
   (You found it on level 7 of the Dungeon)
Wands
 t - a wand of flame (18)
   (You found it on level 7 of the Dungeon)
 x - a wand of clouds (6)
   (You found it on level 8 of the Dungeon)
Scrolls
 a - 5 scrolls of remove curse {@r2}
 b - 3 scrolls of fog
 f - 3 scrolls of amnesia
 i - a scroll of teleportation {@r4}
 z - a scroll of identify {@r1}
 A - a scroll of enchant armour
Potions
 g - a potion of stabbing
 h - 4 potions of brilliance
 j - 3 potions of might
 m - a potion of invisibility
 q - 4 potions of haste {@q3}
 r - 5 potions of curing {@q1}
 s - 2 potions of lignification {unknown}
 u - 2 potions of flight
 v - a potion of cancellation {unknown}
 y - 3 potions of magic {unknown}
 B - a potion of mutation {unknown}
Miscellaneous
 D - 2 phantom mirrors
Comestibles
 e - 23 rations {!d}


   Skills:
 * Level 8.3 Fighting
 + Level 5.3 Dodging
 - Level 1.7 Stealth
 + Level 1.1 Shields
 * Level 7.5 Unarmed Combat
 * Level 8.8 Spellcasting
 * Level 8.8 Conjurations


You had 9 spell levels left.
You knew the following spells:

 Your Spells              Type           Power        Failure   Level  Hunger
a - Magic Dart            Conj           ####         1%          1    None
b - Dazzling Flash        Conj/Hex       ####..       2%          3    None
c - Blink                 Tloc           N/A          7%          2    None
f - Mephitic Cloud        Conj/Pois/Air  ###.....     4%          3    None
x - Iskenderun's Mystic   Conj/Tloc      ####....     8%          4    ###....
z - Fulminant Prism       Conj/Hex       ####......   8%          4    ###....

Your spell library contained the following spells:

 Spells                   Type           Power        Failure   Level  Hunger
 Searing Ray              Conj           #####.       1%          2    None
 Conjure Flame            Conj/Fire      ####....     2%          3    None
 Animate Skeleton         Necr           N/A          4%          1    None
 Apportation              Tloc           #.....       4%          1    None
 Corona                   Hex            #......      4%          1    None
 Summon Small Mammal      Summ           #...         4%          1    None
 Call Imp                 Summ           #.......     7%          2    None
 Slow                     Hex            #.......     7%          2    None
 Cause Fear               Hex            #.........   41%         4    ###....
 Silence                  Hex/Air        #.........   75%         5    #####..
 Yara's Violent Unravell  Hex/Tmut       #.........   75%         5    #####..
 Discord                  Hex            #.........   100%        8    #######


Dungeon Overview and Level Annotations

Branches:
Dungeon (10/15)            Temple (1/1) D:5             Orc (0/2) D:9
   Lair: D:8-11

Altars:
Ashenzari
Cheibriados
Dithmenos
Elyvilon
Fedhas
Gozag
Hepliaklqana
Kikubaaqudgha
Makhleb
Nemelex Xobeh
Okawaru
Qazlal
Ru
Sif Muna
Trog
Uskayaw
Vehumet
Wu Jian
Xom
Yredelemnul
Zin
The Shining One
Beogh

Shops:
D:6 !

Annotations:
D:3 3 runed translucent doors, Nahar's ghost, amateur DsGl
D:5 2 transporters
D:6 1 runed translucent door, Crazy Yiuf
D:8 exclusion: two-headed ogre


Innate Abilities, Weirdness & Mutations

You can breathe bolts of dispelling energy.
Your rich purple scales are hard. (AC +7)
You cannot fit into any form of body armour.
You are cold-blooded and may be slowed by cold attacks.


Message History

Unknown command.
Something closely misses you. Something bites you.
* * * LOW HITPOINT WARNING * * *
Something draws strength from your injuries!
You feel less invigorated.
You feel less confused.
You feel sick. Something closely misses you. Something misses you.
That's the wrong kind of item! (Use * to select it.)
You don't have any such object.
You don't have any such object.
Okay, then.
That beam is likely to hit you.
Continue anyway?
Okay, then.
Unknown command.
Unknown command.
That would be overly suicidal.
Okay, then.
There is a strange disturbance nearby!
Unknown command.
You conjure a prism of explosive energy!
A fulminant prism comes into view.
Something hits you.
* * * LOW HITPOINT WARNING * * *
Something bites you.
* * * LOW HITPOINT WARNING * * *
Something draws strength from your injuries!
Really fire in your fulminant prism's direction?
The magic dart hits something but does no damage.
You feel sick. Something hits you!
* * * LOW HITPOINT WARNING * * *
Something bites you but does no damage.
Your fulminant prism crackles loudly.
You hear a croak.
You feel sick.
You feel sick.
You feel sick.
Okay, then.
You hear some strange, mumbled words.
Something tries to affect you, but you resist.
Okay, then.
You don't know that spell.
Unknown command.
You conjure a prism of explosive energy!
A fulminant prism comes into view.
Your fulminant prism crackles loudly.
You feel sick.
The blast of energy engulfs something!
The blast of energy engulfs you!
You die...

###.................
....
............####....
....
#'######....#..#....
.... #.####..# ...
.... .. #.#.....# ..
.... ... #.#.....#
.... ... #.'.....#
... ###'###.#.....#
.......@#.....#
........'...###
....(...#...#
........#####...
........<.......
....######......
.... ..... ### ....
##.


There were no monsters in sight!

Vanquished Creatures
  A two-headed ogre (D:9)
  Pikel (D:7)
  Prince Ribbit (D:5)
  A hornet (D:10)
  2 wyverns
  Sigmund (D:5)
  A human (D:7)
  4 hogs (D:7)
  An acid dragon (D:10)
  2 orc warriors
  A slave (D:7)
  A sky beast (D:10)
  4 phantoms
  2 ice beasts
  4 ogres
  A necrophage (D:5)
  3 centaurs
  6 bullfrogs
  2 scorpions
  A water moccasin skeleton (D:6)
  A killer bee (D:9)
  9 wights
  2 howler monkeys (D:5)
  4 crimson imps
  A quasit (D:5)
  2 centaur zombies
  3 hounds
  A centaur skeleton (D:6)
  A jelly (D:5)
  3 orc priests
  5 orc wizards
  2 bullfrog skeletons
  5 iguanas
  6 worker ants
  3 hound zombies
  12 gnolls
  A howler monkey skeleton (D:5)
  12 adders
  A shadow imp (D:10)
  2 oozes
  2 adder skeletons
  3 worms
  A dart slug (D:2)
  11 leopard geckos
  25 orcs
  4 bats
  6 giant cockroaches
  8 goblins
  3 hobgoblins
  10 jackals
  8 quokkas
  3 ball pythons
  5 frilled lizards
  7 kobolds
  A leopard gecko skeleton (D:5)
  2 leopard gecko zombies
  4 rats
219 creatures vanquished.

Vanquished Creatures (others)
  2 slaves (D:7)
  A wight (D:7)
  15 fulminant prisms
18 creatures vanquished.

Grand Total: 237 creatures vanquished

Notes
Turn   | Place    | Note
-------+----------+-------------------------------------------
     0 | D:1      | MalarOregon the Draconian Conjurer began the quest for the
                  | Orb.
     0 | D:1      | Reached XP level 1. HP: 14/14 MP: 3/3
   610 | D:1      | Reached XP level 2. HP: 19/22 MP: 0/5
   657 | D:1      | HP: 1/22 [jackal (2)]
  1169 | D:1      | Reached skill level 1 in Fighting
  1248 | D:1      | Reached skill level 1 in Unarmed Combat
  1248 | D:1      | Reached XP level 3. HP: 20/28 MP: 0/6
  2429 | D:2      | Reached XP level 4. HP: 36/36 MP: 1/7
  2498 | D:2      | Learned a level 3 spell: Dazzling Flash
  2503 | D:2      | Learned a level 4 spell: Fulminant Prism
  2677 | D:2      | Noticed a bullfrog
  2683 | D:2      | Killed a bullfrog
  2683 | D:2      | Reached XP level 5. HP: 32/41 MP: 1/9
  3928 | D:3      | Learned a level 2 spell: Blink
  4154 | D:3      | Noticed Nahar's ghost (amateur DsGl)
  4155 | D:3      | Found a runed translucent gate.
  4155 | D:3      | Found a runed translucent gate.
  4156 | D:3      | Found a runed translucent gate.
  4156 | D:3      | Found a roughly hewn altar of Beogh.
  4209 | D:3      | Reached XP level 6. HP: 50/50 MP: 5/10
  4241 | D:3      | Reached skill level 5 in Conjurations
  4724 | D:4      | Found a blossoming altar of Fedhas.
  4727 | D:4      | Found a shattered altar of Ashenzari.
  4727 | D:4      | Found an iron altar of Okawaru.
  4730 | D:4      | Found a sparkling altar of Nemelex Xobeh.
  5862 | D:4      | Your scales start taking on a rich purple colour.
  5862 | D:4      | Reached XP level 7. HP: 56/57 MP: 2/13
  6192 | D:5      | Entered Level 5 of the Dungeon
  6192 | D:5      | Noticed Sigmund
  6216 | D:5      | Found a transporter.
  6216 | D:5      | Noticed a kobold demonologist
  6220 | D:5      | Found a transporter.
  6820 | D:4      | Reached skill level 5 in Spellcasting
  7112 | D:4      | Found an opulent altar of Gozag.
  7349 | D:5      | Reached XP level 8. HP: 8/67 MP: 0/15
  7364 | D:5      | HP: 3/67 [poisoned by a worker ant]
  7372 | D:5      | HP: 3/67 [poisoned by a worker ant]
  7854 | D:5      | Noticed Prince Ribbit
  7877 | D:5      | Killed Prince Ribbit
  8056 | D:5      | Reached skill level 5 in Fighting
  8384 | D:5      | Killed Sigmund
  8384 | D:5      | Reached skill level 5 in Unarmed Combat
  8480 | D:5      | Learned a level 3 spell: Mephitic Cloud
  8485 | D:5      | Learned a level 4 spell: Iskenderun's Mystic Blast
  8486 | D:5      | Found a staircase to the Ecumenical Temple.
  8714 | D:5      | Found a shimmering blue altar of Sif Muna.
  8714 | D:5      | Found a hazy altar of Hepliaklqana.
  8776 | Temple   | Entered the Ecumenical Temple
  8897 | Temple   | Became a worshipper of the Wu Jian Council
  9146 | D:6      | Found a runed translucent door.
  9147 | D:6      | Noticed Crazy Yiuf
  9549 | D:6      | Found a shadowy altar of Dithmenos.
  9551 | D:6      | Identified a scroll of acquirement
  9760 | D:6      | Found Zusimud's Distillery.
  9778 | D:6      | Bought a potion of heal wounds for 65 gold pieces
  9778 | D:6      | Bought a potion of berserk rage for 65 gold pieces
  9778 | D:6      | Bought a potion of haste for 130 gold pieces
  9778 | D:6      | Bought a potion of curing for 39 gold pieces
  9778 | D:6      | Bought 2 potions of curing for 78 gold pieces
  9778 | D:6      | Bought a potion of flight for 39 gold pieces
  9854 | D:6      | Reached XP level 9. HP: 49/75 MP: 18/18
 10470 | D:7      | Found a burning altar of Makhleb.
 10620 | D:7      | Noticed Pikel
 10670 | D:7      | Killed Pikel
 11397 | D:7      | Found the ring of the Mage {Wiz MR++ Int+3}
 11853 | D:7      | HP: 2/79 [hog (11)]
 12221 | D:8      | Reached XP level 10. HP: 86/86 MP: 15/21
 12433 | D:8      | Reached * piety under Wu Jian
 13233 | D:8      | Noticed a two-headed ogre
 13325 | D:8      | Noticed a two-headed ogre
 13626 | D:9      | Noticed a two-headed ogre
 13643 | D:9      | Killed a two-headed ogre
 13643 | D:9      | Reached skill level 5 in Dodging
 13887 | D:9      | Found a shadowy altar of Dithmenos.
 14041 | D:9      | Found a staircase to the Orcish Mines.
 14484 | D:10     | Entered Level 10 of the Dungeon
 15007 | D:10     | Reached skill level 1 in Shields
 15232 | D:10     | Noticed an eight-headed hydra
 15261 | D:10     | Noticed a green ugly thing
 15572 | D:10     | Killed by an exploding fulminant prism

Illustrated notes

Levels and vault maps discovered:
D:1:      nzn_arrival_depleted_hourglass, layout_loops_corners
D:2:      layout_loops_ring, serial_forest, infiniplex_forest_lined_room_2,
          infiniplex_forest_clump_double, infiniplex_forest_lined_3_way,
          infiniplex_forest_clump_curved, infiniplex_forest_clump_tiny,
          infiniplex_forest_clump_tiny, infiniplex_forest_clump_medium,
          infiniplex_forest_straight_2
D:3:      layout_basic, biasface_ghost_orc_armoury, first_ration
D:4:      layout_cave_pools, marbit_many_paths, grunt_temple_overflow_open,
          serial_bayou_pond_d, corexii_item_surrounded_by_moat
D:5:      gammafunk_wand_slinger, layout_loops_ring,
          gammafunk_temple_overflow_wave, minmay_temple_entry_grid,
          uniq_sigmund, uniq_prince_ribbit1
D:6:      layout_basic, serial_shops, shop, grunt_dithmenos_smoke_and_mirrors,
          uniq_crazy_yiuf_cottage
D:7:      layout_basic, makhleb_grotto_becter, grunt_livestock, uniq_pikel
D:8:      layout_basic, enter_bailey_2
D:9:      layout_basic, lemuel_crystal_altar, orc_0_dummy
D:10:     minmay_sliced_demisemicircle, layout_irregular_city
Temple:   dshaligram_water_room_temple

Skill      XL: |  1  2  3  4  5  6  7  8  9 10 |
---------------+-------------------------------+-----
Fighting       | 1 2 3 4 5 7 8 |  8.3
Dodging        | 2 3 4 5 |  5.3
Unarmed Combat | 1 2 3 4 5 6 7 |  7.5
Spellcasting   | 3 4 5 6 7 8 |  8.8
Conjurations   | 5 6 7 8 |  8.8
Shields        | 1 |  1.1
Stealth        | |  1.7

Action                   |  1- 3 |  4- 6 |  7- 9 | 10-12 || total
-------------------------+-------+-------+-------+-------++-------
Melee: Unarmed           |    65 |    97 |   282 |    87 ||   531
       Tailslap          |     5 |     7 |    26 |     5 ||    43
       Punch             |       |     3 |     8 |     4 ||    15
 Cast: Magic Dart        |    69 |   189 |   302 |   189 ||   749
       Dazzling Flash    |       |     7 |    16 |     6 ||    29
       Blink             |       |     2 |     1 |       ||     3
       Fulminant Prism   |       |       |     3 |    13 ||    16
       Iskenderun's Myst |       |       |     2 |       ||     2
Invok: Lunge             |       |       |     2 |     3 ||     5
       Whirlwind         |       |       |       |     1 ||     1
 Abil: Breathe Dispellin |       |       |     1 |       ||     1
Evoke: Wand              |       |       |       |     4 ||     4
  Use: Scroll            |     4 |       |    12 |     1 ||    17
       Potion            |       |       |     5 |     1 ||     6
 Stab: Invisible         |       |     2 |     5 |     3 ||    10
  Eat: Chunk             |     4 |    14 |    17 |    12 ||    47
       Ration            |       |       |     1 |       ||     1
Armor: Skin              |    25 |    47 |    95 |    41 ||   208
Dodge: Dodged            |    52 |   123 |   246 |   111 ||   532
Block: Buckler           |       |       |       |     6 ||     6

Table legend:
 A = Non-vault XP
 B = Vault XP
 C = Vault XP percentage of total XP
 D = Non-vault monster count
 E = Vault monster count
 F = Vault count percentage of total count
                 A         B        C        D         E       F
            +---------+---------+-------+---------+---------+-------
      Total |    7049 |    2330 |  24.8 |     208 |      10 |   4.6
            +---------+---------+-------+---------+---------+-------
        D:1 |      49 |       0 |   0.0 |      18 |       0 |   0.0
        D:2 |     184 |       0 |   0.0 |      29 |       0 |   0.0
        D:3 |     248 |       0 |   0.0 |      27 |       0 |   0.0
        D:4 |     591 |       0 |   0.0 |      24 |       0 |   0.0
        D:5 |     817 |     503 |  38.1 |      21 |       2 |   8.7
        D:6 |     561 |       0 |   0.0 |      15 |       0 |   0.0
        D:7 |     866 |    1682 |  66.0 |      26 |       7 |  21.2
        D:8 |     730 |       0 |   0.0 |      16 |       0 |   0.0
        D:9 |    1794 |       0 |   0.0 |      18 |       0 |   0.0
       D:10 |    1209 |     145 |  10.7 |      14 |       1 |   6.7
            +---------+---------+-------+---------+---------+-------
